 Dungeon Crawl Stone Soup version 0.22-a0-407-gb098539405 (webtiles) character file.

4306 Banto the Geomancer (level 10, -2/56 HPs)
             Began as an Octopode Earth Elementalist on May 8, 2018.
             Was a Believer of Sif Muna.
             Slain by an orc warrior
             ... wielding a +0 hand axe
              (22 damage)
             ... on level 8 of the Dungeon on May 9, 2018.
             The game lasted 00:17:20 (11008 turns).

Banto the Geomancer (Octopode Earth Elementalist)  Turns: 11008, Time: 00:17:21

Health: -2/56      AC:  1    Str:  8    XL:     10   Next: 32%
Magic:  1/16       EV: 13    Int: 23    God:    Sif Muna [**....]
Gold:   460        SH:  0    Dex: 12    Spells: 2/17 levels left

rFire    . . .     SeeInvis .   a - +1 short sword (venom)
rCold    . . .     Gourm    .   (no shield)
rNeg     + . .     Faith    +   (helmet restricted)
rPois    .         Spirit   .   t - amulet of faith
rElec    .         Reflect  .   j - -2 ring of strength (curse)
rCorr    .         Harm     .   s - ring of positive energy
MR       +....                  x - ring of flight
Stlth    +++++.....             C - ring of wizardry
HPRegen  0.18/turn              (no ring)
MPRegen  0.15/turn              (no ring)
                                (no ring)
                                (no ring)

@: no status effects
A: almost no armour, stealthy swim, amphibious, 8 rings, constrict 8, camouflage
1, clever 1, magic resistance 1, strong 1, gelatinous body 1
a: Divine Energy, Renounce Religion, Evoke Flight


You were on level 8 of the Dungeon.
You worshipped Sif Muna.
Sif Muna was pleased with you.
You were very hungry.

You visited 2 branches of the dungeon, and saw 9 of its levels.

You collected 526 gold pieces.
You spent 66 gold pieces at shops.

Inventory:

Hand Weapons
 a - a +1 short sword of venom (weapon)
 D - a +0 short sword of draining
Missiles
 b - 235 stones (quivered)
 m - 2 throwing nets
 A - 8 curare-tipped needles
Jewellery
 j - a cursed -2 ring of strength (left tentacle)
 s - a ring of positive energy (right tentacle)
 t - an amulet of faith (around mantle)
 x - a ring of flight (on tentacle)
 z - an uncursed amulet of harm {unknown}
 C - a ring of wizardry (on tentacle)
Wands
 l - a wand of scattershot (7)
 o - a wand of random effects (19)
 p - a wand of flame (69)
 v - a wand of digging (25)
 y - a wand of paralysis (10)
Scrolls
 h - a scroll of teleportation
 u - a scroll of magic mapping
 B - 3 scrolls of amnesia
 E - 2 scrolls of remove curse
Potions
 d - 3 potions of lignification
 e - 2 potions of flight
 f - 2 potions of berserk rage
 g - 2 potions of curing
 i - a potion of cancellation
 k - a potion of brilliance
 n - a potion of agility {unknown}
 q - a potion of heal wounds {unknown}
 r - a potion of ambrosia {unknown}
Comestibles
 c - 18 rations


   Skills:
 + Level 8.1 Short Blades
 - Level 2.0 Dodging
 - Level 8.0 Stealth
 + Level 4.3 Spellcasting
 - Level 7.0 Transmutations
 - Level 8.1 Earth Magic


You had 2 spell levels left.
You knew the following spells:

 Your Spells              Type           Power        Failure   Level  Hunger
a - Sandblast             Erth           #####.       1%          1    None
b - Passwall              Tmut/Erth      #####.....   1%          2    #......
c - Stone Arrow           Conj/Erth      ###...       2%          3    ##.....
d - Petrify               Tmut/Erth      #####...     1%          4    ####...
e - Lee's Rapid Deconstr  Erth           #####.....   4%          5    ######.


Dungeon Overview and Level Annotations

Branches:
Dungeon (8/15)             Temple (1/1) D:7
   Lair: D:8-11

Altars:
Cheibriados
Fedhas
Gozag
Kikubaaqudgha
Sif Muna
Trog
Wu Jian
Xom
Zin

Shops:
D:5 ?

Annotations:
D:4 Pikel


Innate Abilities, Weirdness & Mutations

You cannot wear most types of armour.
You are very stealthy in the water. (Stealth+)
You are amphibious.
You can wear up to eight rings at the same time.
You can use your tentacles to constrict eight enemies at once.
Your skin changes colour to match your surroundings (Stealth+).
Your rubbery body absorbs attacks. (AC +1, EV +1)
Your mind is acute. (Int +2)
You are resistant to hostile enchantments. (MR+)
Your muscles are strong. (Str +2)


Message History

Items here: )))) [[
There is an open door here.
Casting: Petrify (safe; 1% risk of failure)
Confirm with . or Enter, or press ? or * to list all spells.
Aiming: Petrify (safe; 1% risk of failure)
Press: ? - help, Shift-Dir - straight line, f - orc warrior
Aim: an orc warrior, wielding a hand axe and wearing a chain mail (chance to defeat MR: 67%)
The orc warrior struggles to resist.
You are feeling very hungry.
The orc warrior hits you with a hand axe.
You take 4 damage, and have 20/56 hp.
You now have 4/16 mp.
There is an open door here.
Casting: Petrify (safe; 1% risk of failure)
Confirm with . or Enter, or press ? or * to list all spells.
Aiming: Petrify (safe; 1% risk of failure)
Press: ? - help, Shift-Dir - straight line, f/p - orc warrior
Aim: an orc warrior, wielding a hand axe and wearing a chain mail (chance to defeat MR: 67%)
The orc warrior struggles to resist.
The orc warrior hits you with a hand axe!!
You die...

#......o.##..##......#..
##..###'###..#.......#..
##+####..##..#.......#..
#........##..##......#..
#........##..##......#<.
#........#...#.......#..
#........#...##.....##..
##.###o########.....##.<
##+###.@.##..##......#..
+........?...#.......#..
#............#.......#..
#............#.......#..
#............#.......#..
#............#.......#.. ####
#.###....##..#.......#..
#####..###.###....##..#.......#..
.........)........+...#.......#..


You could see an orc warrior.

Vanquished Creatures
  A hippogriff (D:8)
  A spriggan (D:8)
  Eustachio (D:6)
  A steam dragon (D:7)
  Menkaure (D:4)
  2 porcupines (D:8)
  4 sky beasts
  3 ice beasts
  2 orc warriors (D:7)
  4 slaves
  A phantom (D:4)
  3 ogres
  2 centaurs
  A big kobold (D:7)
  3 bullfrogs
  A gnoll sergeant (D:5)
  5 scorpions
  A howler monkey (D:8)
  4 crimson imps
  Crazy Yiuf (D:6)
  A jelly (D:6)
  5 orc priests
  2 hounds
  12 orc wizards
  Jessica (D:2)
  2 iguanas
  Natasha (thrice) (D:2)
  5 worker ants
  Robin (D:2)
  2 worker ant zombies
  15 gnolls
  A howler monkey skeleton (D:7)
  10 adders
  A shadow imp (D:7)
  An ooze (D:5)
  An adder skeleton (D:4)
  3 worms (D:3)
  3 dart slugs (D:1)
  27 orcs
  6 bats
  10 giant cockroaches
  10 goblins
  11 hobgoblins
  11 jackals
  10 kobolds
  5 quokkas
  A ball python (D:3)
  6 frilled lizards
  2 quokka skeletons (D:4)
  3 rats
213 creatures vanquished.

Notes
Turn   | Place    | Note
-------+----------+-------------------------------------------
     0 | D:1      | Banto the Octopode Earth Elementalist began the quest for the Orb.
     0 | D:1      | Reached XP level 1. HP: 11/11 MP: 3/3
    88 | D:1      | Reached XP level 2. HP: 5/17 MP: 1/5
   453 | D:1      | Reached XP level 3. HP: 6/21 MP: 1/6
  1117 | D:2      | Gained mutation: Your muscles are strong. (Str +2) [potion of mutation]
  1117 | D:2      | Gained mutation: Your mind is acute. (Int +2) [potion of mutation]
  1117 | D:2      | Gained mutation: You are resistant to hostile enchantments. (MR+) [potion of mutation]
  1121 | D:2      | Noticed Natasha
  1124 | D:2      | Killed Natasha
  1166 | D:2      | Reached XP level 4. HP: 27/27 MP: 3/7
  1208 | D:2      | Noticed Natasha
  1219 | D:2      | Killed Natasha
  1455 | D:2      | Noticed Robin
  1461 | D:2      | Killed Robin
  1627 | D:2      | Reached XP level 5. HP: 30/31 MP: 8/8
  1799 | D:2      | Noticed Natasha
  1806 | D:2      | Killed Natasha
  1806 | D:2      | Reached skill level 5 in Earth Magic
  1809 | D:2      | Noticed Jessica
  1822 | D:2      | Killed Jessica
  1822 | D:2      | Reached skill level 5 in Stealth
  2520 | D:3      | Learned a level 2 spell: Passwall
  2524 | D:3      | Learned a level 3 spell: Stone Arrow
  2710 | D:3      | Reached XP level 6. HP: 14/36 MP: 7/9
  3363 | D:4      | Noticed Menkaure
  3367 | D:4      | Noticed an ice beast
  3371 | D:4      | Killed Menkaure
  3371 | D:4      | Reached XP level 7. HP: 22/41 MP: 6/10
  3590 | D:4      | Noticed Pikel
  3777 | D:3      | You fall through a shaft!
  3926 | D:4      | Learned a level 4 spell: Petrify
  4802 | D:4      | Reached XP level 8. HP: 31/46 MP: 11/11
  5447 | D:4      | Found a shimmering altar of Xom.
  5510 | D:4      | Found a deep blue altar of Sif Muna.
  5517 | D:4      | Became a worshipper of Sif Muna the Loreminder
  5535 | D:5      | Entered Level 5 of the Dungeon
  5537 | D:5      | Upgraded the game from 0.22-a0-404-g35e51767bf to 0.22-a0-407-gb098539405
  5754 | D:5      | Reached skill level 1 in Short Blades
  6573 | D:5      | Found Ixyhoehi's Magic Scroll Emporium.
  6577 | D:5      | Bought a scroll of identify for 22 gold pieces
  6577 | D:5      | Bought a scroll of identify for 22 gold pieces
  6577 | D:5      | Bought a scroll of identify for 22 gold pieces
  6867 | D:5      | Found an opulent altar of Gozag.
  6878 | D:5      | Found a bloodstained altar of Trog.
  6881 | D:5      | Found a blossoming altar of Fedhas.
  7140 | D:6      | Noticed Eustachio
  7152 | D:6      | Killed Eustachio
  7152 | D:6      | Reached * piety under Sif Muna
  7152 | D:6      | Reached XP level 9. HP: 51/51 MP: 2/12
  7571 | D:6      | Reached skill level 5 in Transmutations
  7909 | D:6      | Reached skill level 5 in Short Blades
  7966 | D:6      | Found a runed door.
  8245 | D:6      | Noticed Crazy Yiuf
  8249 | D:6      | Killed Crazy Yiuf
  8649 | D:7      | Found a deep blue altar of Sif Muna.
  9268 | D:7      | Reached ** piety under Sif Muna
  9372 | D:7      | Found a snail-covered altar of Cheibriados.
  9694 | D:7      | Found an ancient bone altar of Kikubaaqudgha.
  9974 | D:7      | Found a staircase to the Ecumenical Temple.
  9991 | Temple   | Entered the Ecumenical Temple
 10222 | D:8      | Reached XP level 10. HP: 56/56 MP: 12/14
 10949 | D:8      | Learned a level 5 spell: Lee's Rapid Deconstruction
 11008 | D:8      | Slain by an orc warrior

Vault maps used:
D:1:      minmay_arrival_shoal_huts
D:2:      kennysheep_nub, uniq_jessica, uniq_robin, uniq_natasha
D:3:      first_ration
D:4:      lemuel_doored_altar, led_sif_pool, uniq_menkaure, uniq_pikel
D:5:      minmay_overflow_temple_star_quad, serial_co_window_serial,
          co_window_paths_b, co_window_paths_a, co_window_of_opportunity_a,
          co_window_paths_b, co_window_paths_a, co_window_cross_2,
          co_window_of_opportunity_b, co_window_broadway_a, co_window_cross_2,
          glass_columns_c, glass_columns_b, glass_columns_b, glass_columns_a,
          serial_shops, nicolae_shop_trees, st_stairs_5
D:6:      kennysheep_crisscross, uniq_eustachio, uniq_crazy_yiuf_cottage
D:7:      kennysheep_orc_sif_temple, kennysheep_mini, kiku_gazebo_garden_becter,
          minmay_temple_entry_nine_rooms, hangedman_decor_riveting
D:8:      grunt_lair_entry_orc_guard_hut, special_room, the_bakery
Temple:   regret_index_temple_generic_petals

Skill      XL: |  1  2  3  4  5  6  7  8  9 10 |
---------------+-------------------------------+-----
Stealth        | 3 4 5 6 7 8 |  8.0
Earth Magic    | 4 5 6 7 8 |  8.1
Short Blades   | 4 7 8 |  8.1
Transmutations | 4 7 |  7.0
Spellcasting   | 4 |  4.3
Dodging        | |  2.0

Action                   |  1- 3 |  4- 6 |  7- 9 | 10-12 || total
-------------------------+-------+-------+-------+-------++-------
Melee: Unarmed           |    39 |       |       |       ||    39
       Constrict         |    15 |    21 |    46 |     3 ||    85
       Tentacles         |    10 |    12 |    31 |     1 ||    54
       Dagger            |     7 |    56 |       |       ||    63
       Short sword       |       |    24 |   238 |    17 ||   279
 Cast: Sandblast         |    19 |    36 |    79 |    16 ||   150
       Stone Arrow       |       |     2 |     9 |     1 ||    12
       Petrify           |       |       |     8 |     5 ||    13
       Passwall          |       |       |       |     4 ||     4
  Use: Scroll            |     2 |     8 |     7 |       ||    17
       Potion            |     1 |       |     2 |       ||     3
 Stab: Sleeping          |     3 |    17 |    21 |     5 ||    46
       Petrified         |       |       |    12 |       ||    12
  Eat: Chunk             |     1 |     7 |    25 |     2 ||    35
Armor: Skin              |    11 |     9 |    35 |       ||    55
Dodge: Dodged            |    38 |    54 |   140 |    16 ||   248

Table legend:
 A = Spawn XP
 B = Non-spawn XP
 C = Spawn XP percentage of total XP
 D = Spawn monster count
 E = Non-spawn monster count
 F = Spawn count percentage of total count
 G = Total turns spent on level
                    A         B        C        D         E        F      G
               +---------+---------+-------+---------+---------+-------+---------
         Total |       0 |    6152 |   0.0 |       0 |     209 |   0.0 | 11008
               +---------+---------+-------+---------+---------+-------+---------
           D:1 |       0 |      42 |   0.0 |       0 |      20 |   0.0 |  1114
           D:2 |       0 |     211 |   0.0 |       0 |      26 |   0.0 |  1145
           D:3 |       0 |     231 |   0.0 |       0 |      36 |   0.0 |  1846
           D:4 |       0 |     792 |   0.0 |       0 |      24 |   0.0 |  1430
           D:5 |       0 |     880 |   0.0 |       0 |      20 |   0.0 |  1513
           D:6 |       0 |     849 |   0.0 |       0 |      23 |   0.0 |  1328
           D:7 |       0 |    1512 |   0.0 |       0 |      36 |   0.0 |  1635
           D:8 |       0 |    1635 |   0.0 |       0 |      24 |   0.0 |   951
               +---------+---------+-------+---------+---------+-------+---------

Table legend:
 A = Turns spent in this place as a percentage of turns spent in the entire game.
 B = Non-inter-level travel turns spent in this place as a percentage of non-inter-level travel turns spent in the entire game.
 C = Inter-level travel turns spent in this place as a percentage of turns spent in this place.
 D = Turns resting spent in this place as a percentage of non-inter-level travel turns spent in this place.
 E = Turns spent auto-exploring this place as a percentage of non-inter-level travel turns spent in this place.
 F = Non-inter-level travel turns spent in this place divided by the number of levels of this place that you've seen.
                   A       B       C       D       E      F
               +-------+-------+-------+-------+-------+----------------------
         Total | 100.0 | 100.0 |   2.8 |  42.1 |  37.1 | 1188.8
       Dungeon |  99.6 |  99.7 |   2.7 |  42.2 |  36.9 | 1333.1
        Temple |   0.4 |   0.3 |  26.1 |   0.0 |  94.1 |  34.0
               +-------+-------+-------+-------+-------+----------------------

Table legend:
 A = Kills in this place as a percentage of kills in entire the game.
 B = Kills by you in this place as a percentage of kills by you in the entire game.
 C = Kills by friends in this place as a percentage of kills by friends in the entire game.
 D = Other kills in this place as a percentage of other kills in the entire game.
 E = Experience gained in this place as a percentage of experience gained in the entire game.
 F = Experience gained in this place divided by the number of levels of this place that you have seen.
                   A       B       C       D       E      F
               +-------+-------+-------+-------+-------+----------------------
         Total | 100.0 | 100.0 |   N/A |   N/A | 100.0 | 683.6
       Dungeon | 100.0 | 100.0 |   N/A |   N/A | 100.0 | 769.0
               +-------+-------+-------+-------+-------+----------------------
